 Dungeon Crawl Stone Soup version 0.30.1-11-g7821555f0a (webtiles) character file.

Game seed: 3782461228432324949

3038 KittyFluff the Protected (level 9, -1/56 HPs)
             Began as a Gargoyle Berserker on Nov 10, 2023.
             Was a Priest of Trog.
             Killed by divine providence
             ... invoked by an orc priest
              (9 damage)
             ... on level 7 of the Dungeon.
             The game lasted 00:23:20 (5168 turns).

KittyFluff the Protected (Gargoyle Berserker)       Turns: 5168, Time: 00:23:20

Health: -1/56      AC: 15    Str: 26    XL:     9   Next: 86%
Magic:  9/9        EV: 14    Int:  7    God:    Trog [***...]
Gold:   329        SH:  5    Dex: 15    Spells: 8/8 levels left

rFire   . . .        z - +0 lajatang
rCold   . . .        (shield currently unavailable)
rNeg    + . .        I - +0 steam dragon scales
rPois   ∞            (no helmet)
rElec   +            t - +0 cloak
rCorr   +            (no gloves)
SInv    .            v - +0 pair of boots
Will    .....        O - amulet of reflection
Stlth   +++          J - ring of resist corrosion
HPRegen 0.29/turn    K - +6 ring of dexterity
MPRegen 0.11/turn

%: reflection
@: no status effects
A: sickness immunity, AC +6, negative energy resistance 1, electricity
resistance, torment resistance 1, petrification resistance
a: Renounce Religion, Berserk, Trog's Hand


You were on level 7 of the Dungeon.
You worshipped Trog.
Trog was most pleased with you.
You visited 1 branch of the dungeon, and saw 7 of its levels.

You collected 329 gold pieces.

Inventory:

Hand Weapons
 a - a +0 mace
 f - a +0 sling
 s - a +2 quarterstaff of chaos
 y - a +0 quarterstaff
 z - a +0 lajatang (weapon)
Missiles
 k - 11 poisoned darts (quivered)
 D - 4 boomerangs
Armour
 p - a +2 robe of cold resistance
 t - a +0 cloak (worn)
 v - a +0 pair of boots (worn)
 I - +0 steam dragon scales (worn)
Jewellery
 o - a ring of protection from fire
 E - an amulet of the acrobat
 G - a ring of ice
 J - a ring of resist corrosion (left hand)
 K - a +6 ring of dexterity (right hand)
 O - an amulet of reflection (around neck)
Wands
 h - a wand of digging (9)
 H - a wand of mindburst (18)
 M - a wand of flame (23)
Scrolls
 e - 2 scrolls of fog {unknown}
 g - 2 scrolls of noise {unknown}
 i - 2 scrolls of brand weapon {unknown}
 j - 2 scrolls of magic mapping {unknown}
 l - 2 scrolls of enchant armour {unknown}
 m - a scroll of amnesia {unknown}
 n - a scroll of torment {unknown}
 r - 2 scrolls of blinking {unknown}
 u - a scroll of enchant weapon {unknown}
 x - 4 scrolls of teleportation {unknown}
 A - a scroll of immolation {unknown}
 C - a scroll of poison {unknown}
 N - a scroll of fear
Potions
 b - 5 potions of curing
 c - a potion of flight
 d - 2 potions of invisibility
 q - 2 potions of attraction
 w - a potion of haste
 B - 2 potions of heal wounds
 F - 2 potions of cancellation
 L - a potion of might {unknown}
 P - a potion of brilliance {unknown}


   Skills:
 + Level 6.3 Fighting
 - Level 4.3(5.9) Maces & Flails
 * Level 6.2(6.9) Staves
 * Level 8.1 Armour
 + Level 4.4 Dodging
 + Level 6.0 Stealth


You had 8 spell levels left.
You didn't know any spells.
Your spell library was empty.

Dungeon Overview and Level Annotations

Branches:
Dungeon (7/15)             Temple (0/1) D:6

Altars:
Gozag
Kikubaaqudgha
Makhleb
Okawaru
Vehumet
Xom
Zin

Shops:
D:1 :   D:4 :


Innate Abilities, Weirdness & Mutations

You are immune to sickness and miasma.
Your stone body is resilient. (AC +6)
You are immune to poison.
You resist negative energy. (rN+)
You are resistant to electric shocks. (rElec)
You are resistant to unholy torment.
You are immune to petrification.


Message History

The orc warrior is almost dead.
The orc warrior hits you but does no damage.
You slice the orc warrior!!
You kill the orc warrior!
Trog accepts your kill. The killer bee barely misses you.
You closely miss the killer bee. The killer bee stings you.
* * * LOW HITPOINT WARNING * * *
The killer bee barely misses you.
You slice the killer bee!!
You kill the killer bee!
Trog accepts your kill.
The killer bee stings you but does no damage.
Your Stealth skill increases to level 6!
You slash the killer bee!
The killer bee is severely wounded.
The killer bee stings you.
* * * LOW HITPOINT WARNING * * *
The killer bee stings you but does no damage.
You barely miss the killer bee.
The killer bee is severely wounded.
The killer bee misses you.
The killer bee stings you but does no damage.
You miss the killer bee.
The killer bee is severely wounded.
The killer bee misses you.
The killer bee stings you but does no damage. x2
You completely miss the killer bee.
The killer bee is severely wounded.
The killer bee stings you but does no damage.
The killer bee barely misses you.
You closely miss the killer bee.
The killer bee is severely wounded.
The killer bee closely misses you. You block the killer bee's attack.
You closely miss the killer bee.
The killer bee is severely wounded.
The killer bee completely misses you. The killer bee barely misses you.
The orc priest calls down the wrath of Beogh upon you.
Beogh smites you!
You die...

#.#
#.###.....#.#
#.#
#..#.######.#
#.# ....#
#.####....##
#.##.......#
#..........#
#.##.......####
#.##y..........
#.@yoy#.......
####oyy....#
###....##
#....#####.#
##..........
###>#####.
#.......y
#########


You could see 5 killer bees, an orc priest and an orc.

Vanquished Creatures
  Pikel (D:4)
  The ghost of Mig the Cutter, a novice VSFi of Uskayaw (D:6)
  A hornet (D:7)
  Sigmund (D:2)
  2 steam dragons (D:6)
  Edmund (D:5)
  Menkaure (D:6)
  2 water moccasins (D:6)
  A sky beast (D:7)
  A black bear (D:6)
  An orc warrior (D:7)
  A phantom (D:6)
  A scorpion (D:5)
  A killer bee (D:7)
  2 vampire bats (D:3)
  4 quasits (D:6)
  A hound (D:7)
  2 jellies
  An orc priest (D:5)
  Crazy Yiuf (D:2)
  A gnoll bouda (D:6)
  3 iguanas
  An orc wizard (D:5)
  8 gnolls (D:6)
  8 adders
  A shadow imp (D:6)
  The ghost of KEVIN the Covert, a weakling GnDe (D:5)
  A dart slug (D:1)
  11 orcs
  3 ball pythons
  A bat (D:3)
  4 bat zombies (D:3)
  12 endoplasms
  4 giant cockroaches
  4 goblins
  7 hobgoblins
  2 jackals (D:1)
  5 kobolds
  3 quokkas
  A frilled lizard (D:2)
  3 rats
111 creatures vanquished.

Notes
Turn   | Place    | Note
-------+----------+-------------------------------------------
     0 | D:1      | KittyFluff the Gargoyle Berserker began the quest for the
                  | Orb.
     0 | D:1      | Reached XP level 1. HP: 14/14 MP: 1/1
    97 | D:1      | Reached XP level 2. HP: 19/19 MP: 2/2
   473 | D:1      | Found Attuplef's Book Emporium.
   572 | D:1      | Reached XP level 3. HP: 22/23 MP: 3/3
   622 | D:1      | Found a faded altar of an unknown god.
   729 | D:1      | Reached skill level 1 in Stealth
   952 | D:2      | Identified the +7 spear "Qaduas" {drain, *Noise rF++ Int+6}
  1199 | D:2      | Noticed Sigmund
  1221 | D:2      | Killed Sigmund
  1222 | D:2      | Reached skill level 3 in Armour
  1222 | D:2      | Reached XP level 4. HP: 12/29 MP: 4/4
  1222 | D:2      | Reached XP level 5. HP: 14/33 MP: 5/5
  1790 | D:2      | Found a runed translucent door.
  1791 | D:2      | Noticed Crazy Yiuf
  1804 | D:2      | Killed Crazy Yiuf
  1805 | D:2      | Reached skill level 4 in Armour
  1805 | D:2      | Reached XP level 6. HP: 3/38 MP: 6/6
  2389 | D:3      | Found an ancient bone altar of Kikubaaqudgha.
  2401 | D:3      | Reached ** piety under Trog
  2405 | D:3      | Reached skill level 1 in Staves
  2610 | D:4      | Found a glowing silver altar of Zin.
  2690 | D:4      | Found Gaom's Book Emporium.
  2746 | D:4      | Found a radiant altar of Vehumet.
  3032 | D:5      | Entered Level 5 of the Dungeon
  3032 | D:5      | Noticed Pikel
  3050 | D:4      | Killed Pikel
  3051 | D:4      | Reached skill level 5 in Armour
  3051 | D:4      | Reached XP level 7. HP: 12/44 MP: 7/7
  3051 | D:4      | Reached XP level 8. HP: 13/48 MP: 8/8
  3450 | D:5      | Noticed Edmund
  3625 | D:5      | Reached skill level 5 in Fighting
  3809 | D:5      | Found an iron altar of Okawaru.
  3888 | D:5      | Found a runed translucent door.
  3901 | D:5      | Noticed KEVIN's ghost (weakling GnDe)
  3911 | D:5      | Killed KEVIN's ghost
  3987 | D:5      | Killed Edmund
  3988 | D:5      | Reached skill level 6 in Armour
  4042 | D:6      | Found a transporter.
  4043 | D:6      | Found a shimmering altar of Xom.
  4131 | D:6      | Noticed Mig's ghost (novice VSFi)
  4260 | D:6      | Noticed Menkaure
  4267 | D:6      | Killed Menkaure
  4268 | D:6      | Reached XP level 9. HP: 33/54 MP: 9/9
  4395 | D:6      | Reached skill level 5 in Stealth
  4396 | D:6      | Reached skill level 7 in Armour
  4494 | D:6      | Found a staircase to the Ecumenical Temple.
  4579 | D:6      | Found a transporter.
  4633 | D:6      | Reached *** piety under Trog
  4634 | D:6      | Reached skill level 5 in Staves
  4848 | D:6      | Killed Mig's ghost
  4930 | D:7      | Found an opulent altar of Gozag.
  5051 | D:7      | Found a burning altar of Makhleb.
  5101 | D:7      | Noticed a hornet
  5134 | D:7      | Killed a hornet
  5135 | D:7      | Reached skill level 8 in Armour
  5156 | D:7      | HP: 1/55 [orc warrior/+2 flail of holy wrath (10)]
  5168 | D:7      | Killed from afar by an orc priest

Illustrated notes

Levels and vault maps discovered:
D:1:      ncdulo_wetmaze, layout_loops_ring, serial_shops, shop,
          chequers_ecumenical_altar_lobes
D:2:      layout_loops_corners, uniq_crazy_yiuf_cottage, uniq_sigmund
D:3:      layout_rooms, kennysheep_vampire_church, minmay_misc_feat_columns
D:4:      layout_rooms, marbit_many_paths, zin_academy, serial_shops,
          nicolae_shop_behind_doors
D:5:      layout_basic, mainiacjoe_overflow_24_doors,
          ebering_ghost_reflecting_pool, uniq_pikel, uniq_edmund
D:6:      layout_basic, mainiacjoe_overflow_small_starburst,
          minmay_temple_entry_junction, gammafunk_ghost_stat_death, st_stairs_4,
          uniq_menkaure
D:7:      layout_loops_ring, mainiacjoe_overflow_alcove_4, lemuel_crystal_altar,
          nicolae_gozag_seed_capital, nicolae_nh_ransacked_shop

Skill      XL: |  1  2  3  4  5  6  7  8  9 |
---------------+----------------------------+-----
Stealth        | 2 3 4 6 |  6.0
Fighting       | 4 5 6 |  6.3
Maces & Flails | 4 |  4.3
Armour         | 3 4 5 6 8 |  8.1
Dodging        | 2 3 4 |  4.4
Staves         | 3 4 6 |  6.2

Action                     |  1- 3 |  4- 6 |  7- 9 || total
---------------------------+-------+-------+-------++-------
  Melee: Mace              |   115 |    51 |       ||   166
         Lajatang          |       |    54 |   201 ||   255
  Throw: Dart              |     1 |       |       ||     1
 Invoke: Berserk           |     1 |       |       ||     1
    Use: Scroll            |       |       |     7 ||     7
         Potion            |       |       |     1 ||     1
   Stab: Sleeping          |       |     4 |     7 ||    11
         Distracted        |       |       |     2 ||     2
 Armour: Animal skin       |    22 |       |       ||    22
         Leather armour    |    28 |       |       ||    28
         Robe              |       |    53 |    36 ||    89
         Steam dragon scal |       |       |   115 ||   115
  Dodge: Dodged            |    53 |    86 |   196 ||   335
  Block: Other             |       |       |    11 ||    11
